 Seeded DCSS version 0.29-a0-973-gac7da5f7f0 (webtiles) character file.

Game seed: 20220801 (custom seed)

228 purpskrrrp the Shooter (level 6, -7/46 HPs)
             Began as a Formicid Hunter on Aug 1, 2022.
             Mangled by an iguana (8 damage)
             ... on level 4 of the Dungeon.
             The game lasted 00:09:24 (2758 turns).

purpskrrrp the Shooter (Formicid Hunter)            Turns: 2758, Time: 00:09:25

Health: -7/46      AC:  6    Str: 16    XL:     6   Next: 23%
Magic:  6/6        EV: 11    Int:  8    God:
Gold:   260        SH:  0    Dex: 25    Spells: 5/5 levels left

rFire   . . .      SeeInvis +   a - +1 shortbow
rCold   . . .      Faith    .   (no shield)
rNeg    . . .      Spirit   .   i - +0 ring mail
rPois   .          Reflect  .   (helmet unavailable)
rElec   .          Harm     .   m - +0 cloak
rCorr   .          Rampage  .   (no gloves)
Will    .....                   (no boots)
Stlth   ++........              (no amulet)
HPRegen 0.15/turn               g - +6 ring of dexterity
MPRegen 0.10/turn               (no ring)

@: no status effects
A: permanent stasis, dig shafts and tunnels, antennae 3, four strong arms
a: Dig, Shaft Self


You were on level 4 of the Dungeon.
You visited 1 branch of the dungeon, and saw 5 of its levels.

You collected 260 gold pieces.

Inventory:

Hand Weapons
 a - a +1 shortbow (weapon)
Armour
 c - a +0 leather armour
 i - a +0 ring mail (worn)
 m - a +0 cloak (worn)
Jewellery
 g - a +6 ring of dexterity (left hand)
Wands
 k - a wand of iceblast (13)
Scrolls
 b - a scroll of immolation
 e - 3 scrolls of identify
 f - 2 scrolls of enchant armour
Potions
 d - a potion of haste
 h - 2 potions of ambrosia {unknown}
 l - a potion of curing {unknown}


   Skills:
 - Level 2.4 Fighting
 + Level 6.4 Ranged Weapons
 + Level 1.9 Armour
 - Level 1.7 Dodging
 - Level 2.4 Stealth


You had 5 spell levels left.
You didn't know any spells.
Your spell library contained the following spells:

 Spells                   Type           Power      Damage    Failure   Level
 Necrotise                Necr           0%         1d4       63%         1
 Vampiric Draining        Necr           0%         2d6       94%         3
 Agony                    Necr           0%         N/A       100%        5


Dungeon Overview and Level Annotations

Branches:
Dungeon (5/15)
 Temple: D:4-7

Altars:

Shops:
D:1 =

Annotations:
D:4 Pikel


Innate Abilities, Weirdness & Mutations

You cannot be hasted, slowed, berserked, paralysed or teleported.
You can dig through walls and to a lower floor.
You have a pair of large antennae on your head. (SInv)
Your four strong arms can wield two-handed weapons with a shield.


Message History

Press: ? - help, Shift-Dir - straight line, f - Pikel, p - iguana
Aim: Pikel, wielding a +0 whip of freezing and wearing a +0 robe (63% to hit)
You shoot an arrow. The arrow hits Pikel!
Pikel is moderately wounded.
The iguana bites you but does no damage.
Pikel hits you but does no damage.
Fire: a) +1 shortbow
Press: ? - help, Shift-Dir - straight line, f/p - Pikel
Aim: Pikel, wielding a +0 whip of freezing and wearing a +0 robe (moderately wounded, 63% to hit)
You shoot an arrow. The arrow hits Pikel!
Pikel is heavily wounded.
The iguana barely misses you. Pikel hits you but does no damage.
Fire: a) +1 shortbow
Press: ? - help, Shift-Dir - straight line, f/p - Pikel
Aim: Pikel, wielding a +0 whip of freezing and wearing a +0 robe (heavily wounded, 63% to hit)
You shoot an arrow. The arrow hits Pikel.
Pikel is heavily wounded.
The iguana barely misses you. Pikel closely misses you. The iguana misses you.
Pikel misses you.
Fire: a) +1 shortbow
Press: ? - help, Shift-Dir - straight line, f/p - Pikel
Aim: Pikel, wielding a +0 whip of freezing and wearing a +0 robe (heavily wounded, 63% to hit)
You shoot an arrow. The arrow closely misses Pikel.
The iguana misses you. Pikel closely misses you.
Fire: a) +1 shortbow
Press: ? - help, Shift-Dir - straight line, f/p - Pikel
Aim: Pikel, wielding a +0 whip of freezing and wearing a +0 robe (heavily wounded, 63% to hit)
You shoot an arrow. The arrow completely misses Pikel.
The iguana bites you!
* * * LOW HITPOINT WARNING * * *
Pikel hits you with a +0 whip of freezing.
* * * LOW HITPOINT WARNING * * *
Pikel freezes you.
* * * LOW HITPOINT WARNING * * *
Fire: a) +1 shortbow
Press: ? - help, Shift-Dir - straight line, f/p - Pikel
Aim: Pikel, wielding a +0 whip of freezing and wearing a +0 robe (heavily wounded, 63% to hit)
You shoot an arrow. The arrow hits Pikel!
Pikel is severely wounded.
The iguana bites you!
You die...

............. #..........
#......... ##### {
#.....#.#+##+# #...## { {
#.......#.##.# #...#.
##.....#รท#.##.## #...#. {
##....55........###...#)
####....{#l#.#.##...##...#.
#........#@#.#....#.##...#.
#........#.K...............
#........###.######..######
#........# #.# ##.#
#......(.# #.# #..
########## #.# #... #....
+..... #.....#


You could see Pikel, 2 lemures and an iguana.

Vanquished Creatures
  A lemure (D:4)
  A hound (D:4)
  Jessica (D:3)
  2 orc wizards (D:2)
  4 adders
  2 worms
  9 orcs
  7 ball pythons
  3 bats
  10 endoplasms
  3 giant cockroaches
  6 goblins
  4 hobgoblins
  2 jackals (D:3)
  3 quokkas
  4 frilled lizards
  3 kobolds
  7 rats
72 creatures vanquished.

Notes
Turn   | Place    | Note
-------+----------+-------------------------------------------
     0 | D:1      | purpskrrrp the Formicid Hunter began the quest for the Orb.
     0 | D:1      | Reached XP level 1. HP: 16/16 MP: 1/1
   122 | D:1      | Found a faded altar of an unknown god.
   171 | D:1      | Reached XP level 2. HP: 22/22 MP: 2/2
   265 | D:1      | Found Odalirro's Jewellery Boutique.
   733 | D:2      | Reached XP level 3. HP: 27/27 MP: 3/3
   761 | D:2      | Reached skill level 1 in Armour
  1135 | D:2      | Reached skill level 5 in Ranged Weapons
  1135 | D:2      | Reached XP level 4. HP: 33/33 MP: 4/4
  1146 | D:2      | Reached XP level 5. HP: 35/39 MP: 5/5
  1652 | D:3      | Noticed Jessica
  1669 | D:3      | Killed Jessica
  2004 | D:3      | Reached skill level 6 in Ranged Weapons
  2275 | D:4      | Reached XP level 6. HP: 46/46 MP: 6/6
  2446 | D:4      | Noticed Pikel
  2457 | D:5      | Entered Level 5 of the Dungeon
  2757 | D:4      | HP: 1/46 [Pikel/+0 whip of freezing (2)]
  2758 | D:4      | Mangled by an iguana

Illustrated notes

Levels and vault maps discovered:
D:1:      dpeg_arrival_signposts, layout_rooms, serial_shops, shop_coins,
          shapermc_ecumenical_altar_notcrosses
D:2:      layout_basic
D:3:      layout_rooms, uniq_jessica
D:4:      layout_basic, kennysheep_orc_chapel, uniq_blork_the_orc, uniq_sigmund,
          uniq_ijyb, uniq_pikel
D:5:      layout_basic, nzn_wu_jian_council_hall, grunt_temple_overflow_open,
          temple_statues

Skill      XL: |  1  2  3  4  5 |
---------------+----------------+-----
Armour         | 1 |  1.9
Ranged Weapons | 5 6 |  6.4
Stealth        | 2 |  2.4
Fighting       | |  2.4
Dodging        | |  1.7

Action                   |  1- 3 |  4- 6 || total
-------------------------+-------+-------++-------
 Fire: Shortbow          |    45 |   153 ||   198
 Abil: Dig               |       |     1 ||     1
  Use: Scroll            |     3 |     4 ||     7
Armor: Leather armour    |     2 |       ||     2
       Ring mail         |       |    42 ||    42
Dodge: Dodged            |     2 |    66 ||    68

Table legend: (Time is in decaauts)
 A = Elapsed time spent in this place.
 B = Non-inter-level travel time spent in this place.
 C = Inter-level travel time spent in this place.
 D = Time resting spent in this place.
 E = Time spent auto-exploring this place.
 F = Levels seen in this place.
 G = Mean time per level.
                   A        B        C        D        E       F      G
               +--------+--------+--------+--------+--------+-----+--------+
         Total |   2815 |   2738 |     77 |    418 |   1863 |   5 |  563.0 |
       Dungeon |   2815 |   2738 |     77 |    418 |   1863 |   5 |  563.0 |
               +--------+--------+--------+--------+--------+-----+--------+

Top non-repeatable levels by time:
     D:2: 1001 daAuts
     D:1: 650 daAuts
     D:3: 640 daAuts
     D:5: 277 daAuts
     D:4: 245 daAuts
